 Dungeon Crawl Stone Soup version 0.27.0-66-gdc8fb28755 (webtiles) character file.

Game seed: 12816059196249135839

94 hilljack the Grasshopper (level 4, 0/27 HPs)
             Began as a Gargoyle Warper on Aug 19, 2021.
             Frozen to death by an endoplasm (5 damage)
             ... on level 2 of the Dungeon.
             The game lasted 00:05:14 (2380 turns).

hilljack the Grasshopper (Gargoyle Warper)          Turns: 2380, Time: 00:05:15

Health: 0/27       AC:  6    Str: 15    XL:     4   Next: 63%
Magic:  7/7        EV: 11    Int: 13    God:
Gold:   110        SH:  0    Dex: 10    Spells: 2/7 levels left

rFire    . . .     SeeInvis +   a - +0 mace
rCold    . . .     Faith    .   (no shield)
rNeg     + . .     Spirit   .   b - +0 leather armour
rPois    ∞         Reflect  .   (no helmet)
rElec    +         Harm     .   (no cloak)
rCorr    .         Rampage  .   (no gloves)
Will     .....                  (no boots)
Stlth    ..........             (no amulet)
HPRegen  0.09/turn              h - ring of see invisible
MPRegen  0.10/turn              j - ring of wizardry

@: confused
A: sickness immunity, AC +3, negative energy resistance 1, electricity
resistance, torment resistance 1, petrification resistance
a: no special abilities


You were on level 2 of the Dungeon.
You visited 1 branch of the dungeon, and saw 3 of its levels.

You collected 110 gold pieces.

Inventory:

Hand Weapons
 a - a +0 mace (weapon)
Missiles
 e - 51 stones (quivered)
Armour
 b - a +0 leather armour (worn)
Jewellery
 h - a ring of see invisible (left hand)
 j - a ring of wizardry (right hand)


   Skills:
 + Level 2.7 Fighting
 * Level 2.9 Maces & Flails
 - Level 0.8 Throwing
 + Level 2.1 Armour
 + Level 2.1 Dodging
 + Level 2.4 Spellcasting
 + Level 3.0 Translocations


You had 2 spell levels left.
You knew the following spells:

 Your Spells              Type           Power      Damage    Failure   Level
a - Blink                 Tloc           N/A        N/A       5%          2
b - Gell's Gravitas       Tloc           4%         N/A       11%         3

Your spell library contained the following spells:

 Spells                   Type           Power      Damage    Failure   Level
 Apportation              Tloc           18%        N/A       3%          1
 Slow                     Hex            1%         N/A       17%         2
 Lesser Beckoning         Tloc           4%         N/A       11%         3
 Teleport Other           Tloc           9%         N/A       11%         3
 Confusing Touch          Hex            1%         N/A       32%         3
 Vampiric Draining        Necr           0%         2d6       32%         3
 Manifold Assault         Tloc           9%         N/A       65%         5
 Alistair's Intoxication  Tmut/Pois      0%         N/A       96%         5
 Invisibility             Hex            0%         N/A       100%        6


Dungeon Overview and Level Annotations

Branches:
Dungeon (3/15)

Altars:
Elyvilon
Gozag
Sif Muna

Annotations:
D:3 Natasha


Innate Abilities, Weirdness & Mutations

You are immune to sickness and miasma.
Your stone body is resilient. (AC +3)
You are immune to poison.
You resist negative energy. (rN+)
You are resistant to electric shocks. (rElec)
You are resistant to unholy torment.
You are immune to petrification.


Message History

You are confused.
The endoplasm freezes you.
You are frozen.
The orc wizard gestures at you while chanting.
You are more confused.
You hit the endoplasm.
The endoplasm is almost dead.
The endoplasm hits you.
The orc wizard mumbles some strange words.
The orc wizard flickers and vanishes for a moment.
You hit the orc wizard.
The orc wizard is almost dead.
The endoplasm barely misses you.
The orc wizard hits you but does no damage.
You hit the orc wizard.
The orc wizard is almost dead.
The endoplasm freezes you.
You are frozen.
The orc wizard barely misses you.
The endoplasm hits you but does no damage.
You barely miss the orc wizard.
The orc wizard is almost dead.
The orc wizard points at you and mumbles some strange words.
You are more confused.
The endoplasm jiggles.
The endoplasm freezes you.
You are frozen.
You hit the orc wizard but do no damage.
The orc wizard is almost dead.
The orc wizard casts a spell at you. The puff of flame hits you!
* * * LOW HITPOINT WARNING * * *
The endoplasm freezes you.
You are frozen.
* * * LOW HITPOINT WARNING * * *
The orc wizard hits you but does no damage.
You miss the orc wizard.
The orc wizard is almost dead.
The endoplasm freezes you.
You are frozen.
You die...

.....## ##.# ##........##...
......### #.# #..............
........### #.# #...........###
....##†...###.### #..........####
########........###..........##..
..........##..[...#..........##..
.....####............<......###..
####.....####..J)................
#####.##.....@............##..
##....#...o)#...>).....##..
###..###....###........(.##..
#####....................(...####
.....÷÷...###..###......^...## ##
......##.......####........#####.
....#.##.........<...#########...
......#..####..#####...........##
....#...## #...# ##...####'#####


You could see an orc wizard (invisible) and an endoplasm.

Vanquished Creatures
  Jessica (D:1)
  A gnoll (D:1)
  2 adders (D:2)
  A worm (D:2)
  4 orcs (D:2)
  3 endoplasms
  3 giant cockroaches (D:2)
  2 goblins (D:1)
  6 hobgoblins
  2 quokkas (D:2)
  4 ball pythons
  3 frilled lizards (D:1)
32 creatures vanquished.

Notes
Turn   | Place    | Note
-------+----------+-------------------------------------------
     0 | D:1      | hilljack the Gargoyle Warper began the quest for the Orb.
     0 | D:1      | Reached XP level 1. HP: 12/12 MP: 3/3
   310 | D:1      | Reached XP level 2. HP: 16/17 MP: 5/5
   407 | D:1      | Learned a level 2 spell: Blink
   791 | D:2      | Noticed Jessica
   814 | D:1      | Killed Jessica
   815 | D:1      | Reached XP level 3. HP: 14/22 MP: 6/6
   978 | D:2      | Found a faded altar of an unknown god.
  1024 | D:2      | Reached XP level 4. HP: 26/27 MP: 7/7
  1042 | D:2      | Found an opulent altar of Gozag.
  1306 | D:2      | Learned a level 3 spell: Gell's Gravitas
  1367 | D:2      | Reached skill level 3 in Translocations
  1645 | D:3      | Found a white marble altar of Elyvilon.
  1648 | D:3      | Noticed Natasha
  1673 | D:3      | HP: 1/27 [orc (5)]
  2015 | D:3      | Found a shimmering blue altar of Sif Muna.
  2380 | D:2      | Frozen to death by an endoplasm

Illustrated notes

Levels and vault maps discovered:
D:1:      wander_arrival_desolate, layout_basic, st_stairs_1
D:2:      layout_rooms, ebering_ecumenical_altar_sacrificial, basic_altar,
          kennysheep_generic_room_14, uniq_jessica
D:3:      layout_basic, nicolae_sif_muna_condensation,
          nicolae_overflow_crystal_walls, mainiacjoe_overflow_six_doors_small,
          xom_redecorated, lemuel_tele_altar, serial_shops, shop, uniq_natasha

Skill      XL: |  1  2  3  4 |
---------------+-------------+-----
Dodging        | 2 |  2.1
Armour         | 2 |  2.1
Translocations | 3 |  3.0
Fighting       | |  2.7
Maces & Flails | |  2.9
Throwing       | |  0.8
Spellcasting   | |  2.4

Action                   |  1- 3 |  4- 6 || total
-------------------------+-------+-------++-------
Melee: Mace              |    51 |    89 ||   140
Throw: Boomerang         |     5 |       ||     5
       Stone             |    23 |     9 ||    32
  Use: Scroll            |     1 |     2 ||     3
       Potion            |       |     3 ||     3
Armor: Leather armour    |    21 |    48 ||    69
Dodge: Dodged            |    47 |    62 ||   109
